AoeStats
← faachun

Arena

509696943Analyzed
1v1 RM · 4d ago on Sep 27, 2026· 50m 31s· 2 players
Game mode
Random Map
Map size
Tiny (2 player)
Population
200
Speed
Normal
Resources
Standard
Victory
Conquest
Starting age
Dark Age
Ending age
Imperial Age
RankedLock teamsTeams togetherTeam positionsShared explorationLock speedFull tech treeHidden civsTurbo modeCheats
Victory
Defeat
🇪🇸 Bohemians · Spain
564
+16
🇲🇽 Cumans · Mexico
563
-27
Magnus1497
10:06 Feudal Age
19:53 Castle Age
18:40 Horse Collar
21:52 Heavy Plow
26:06 Wheelbarrow
26:16 Fervor
26:33 Sanctity
26:22 Scale Mail Armor
27:44 Bloodlines
29:03 Squires
30:25 Chain Mail Armor
30:21 Scale Barding Armor
31:58 Hand Cart
33:22 Chain Barding Armor
35:24 Forging
35:47 Steppe Husbandry
43:25 Imperial Age
42:54 Iron Casting
42:25 Padded Archer Armor
42:16 Fletching
42:50 Thumb Ring
43:35 Gold Mining
43:36 Stone Mining
43:35 Double-Bit Axe
44:35 Conscription
44:03 Town Watch
43:56 Elite Steppe Lancer
46:03 Capped Ram
47:50 Blast Furnace
48:06 Pikeman
faachun
5:27 Loom
11:03 Feudal Age
13:34 Double-Bit Axe
16:48 Castle Age
15:15 Horse Collar
22:26 Bow Saw
22:49 Heavy Plow
28:30 Imperial Age
27:02 Fletching
27:36 Ballistics
27:49 Town Watch
28:33 Fortified Wall
28:20 Murder Holes
29:18 Redemption
29:31 Sanctity
29:38 Sanctity
30:27 Wagenburg Tactics
31:23 Illumination
31:26 Block Printing
31:58 Theocracy
31:27 Pikeman
32:21 Forging
33:23 Wheelbarrow
32:49 Town Patrol
33:13 Elite Hussite Wagon
33:59 Squires
36:00 Two-Man Saw
35:49 Hand Cart
37:13 Halberdier
37:56 Scale Mail Armor
38:04 Scale Barding Armor
39:48 Bodkin Arrow
40:31 Iron Casting
40:12 Chain Mail Armor
41:12 Conscription
41:09 Hussite Reforms
42:17 Bracer
42:41 Chain Barding Armor
43:24 Blast Furnace
43:29 Chemistry
42:38 Siege Engineers
42:45 Masonry
42:44 Herbal Medicine
42:53 Atonement
43:05 Fervor
42:59 Devotion
Connection lost

Rejoining the realm…

Still unreachable

The connection could not be restored.

Session expired

The server has moved on; the page needs a fresh start.